 Dungeon Crawl Stone Soup version 0.16.1-51-g6203257 (webtiles) character file.

5713 hannobal the Basher (level 10, -9/66 HPs)
             Began as an Octopode Wanderer on July 5, 2015.
             Was an Initiate of Gozag.
             Mangled by Miyamura's ghost (23 damage)
             ... on level 9 of the Dungeon on July 7, 2015.
             The game lasted 00:39:27 (13102 turns).

hannobal the Basher (Octopode Wanderer)            Turns: 13102, Time: 00:39:27

Health: -9/66      AC:  6    Str: 18    XL:     10   Next: 76%
Magic:  20/20      EV: 15    Int: 12    God:    Gozag
Gold:   308        SH:  0    Dex: 14    Spells: 0 memorised, 13 levels left

rFire  + . .     SeeInvis +     a - +0 dire flail (protect)
rCold  . . .     Clarity  .     (no shield)
rNeg   + . .     SustAb   .     (helmet restricted)
rPois  .         Gourm    .     (no amulet)
rElec  .         Spirit   .     t - ring of see invisible
rCorr  .         Warding  .     E - ring of protection from fire
rMut   .         Stasis   .     I - +3 ring of strength
MR     .....                    P - ring of flight
Stlth  ++++......               Q - ring of positive energy
                                (no ring)
                                (no ring)
                                (no ring)

@: not resistant to hostile enchantments, stealthy
A: almost no armour, amphibious, 8 rings, constrict 8, camouflage 1, gelatinous
body 1
a: Potion Petition, Call Merchant, Bribe Branch, Renounce Religion, Evoke Flight


You were on level 9 of the Dungeon.
You worshipped Gozag.
Gozag was noncommittal.
You were hungry.

You visited 2 branches of the dungeon, and saw 10 of its levels.

You collected 1215 gold pieces.
You spent 422 gold pieces at shops.
You paid 485 gold pieces to Gozag.

Inventory:

Hand weapons
 a - a +0 dire flail of protection (weapon)
 b - a +0 blowgun
 c - a cursed +0 hunting sling
 j - a +0 morningstar
 x - a +0 flail of draining
 B - a +0 shortbow
 F - a +1 flail of freezing
 G - a +0 glaive
 H - a +0 quarterstaff
Missiles
 d - 186 stones (quivered)
 e - 93 sling bullets
 g - 14 sling bullets of frost
 k - 69 bolts
 l - 25 tomahawks
 n - 74 arrows
 s - 16 bolts of penetration
 v - 64 poisoned needles
 A - 8 arrows of flame
 N - 7 needles of paralysis
 S - 10 arrows of frost
Armour
 p - a +0 shield
 D - a +0 buckler
Jewellery
 t - a ring of see invisible (left tentacle)
 E - a ring of protection from fire (right tentacle)
 I - a +3 ring of strength (on tentacle)
 P - a ring of flight (on tentacle)
 Q - a ring of positive energy (on tentacle)
Magical devices
 f - a wand of slowing (15)
 h - a wand of fireball (2)
 o - a wand of invisibility (3)
 K - a wand of digging (4)
 O - a wand of slowing (20)
Scrolls
 i - 3 scrolls of identify
 q - 4 scrolls of teleportation
 r - 5 scrolls of remove curse
 C - 2 scrolls of enchant weapon
Potions
 u - a potion of poison
 z - 4 potions of curing
 J - 2 potions of magic
 L - a potion of berserk rage
 M - 3 potions of heal wounds
 R - a potion of might
 T - a potion of cure mutation
Books
 y - a book of Conjurations

   Spells                             Type                      Level
   a - Magic Dart                     Conjuration                  1
   b - Searing Ray                    Conjuration                  2
   c - Dazzling Spray                 Conjuration/Hexes            3
   d - Fulminant Prism                Conjuration/Hexes            4
   e - Iskenderun's Mystic Blast      Conjuration                  4
   f - Iskenderun's Battlesphere      Conjuration/Charms           5
Comestibles
 w - 4 meat rations


   Skills:
 - Level 5.3 Fighting
 + Level 11.4 Maces & Flails
 - Level 3.6 Polearms
 - Level 6.0 Dodging
 - Level 5.2 Stealth
 - Level 1.0 Shields
 - Level 2.0 Spellcasting
   Level 1.0 Translocations
 - Level 7.0 Evocations


You had 13 spell levels left.
You didn't know any spells.

Dungeon Overview and Level Annotations

Branches:
Dungeon (9/15)             Temple (1/1) D:5             Orc (0/4) D:9
   Lair: D:8-11

Altars:
Ashenzari
Cheibriados
Dithmenos
Elyvilon
Fedhas
Gozag
Kikubaaqudgha
Makhleb
Nemelex Xobeh
Okawaru
Qazlal
Ru
Sif Muna
Trog
Vehumet
Xom
Yredelemnul
Zin
The Shining One

Shops:
D:5 *(

Annotations:
D:8 EROLCHA! PSYCHE!, Erolcha, Psyche
D:9 Miyamura's ghost, experienced TrMo


Innate Abilities, Weirdness & Mutations

You cannot wear most types of armour.
You are amphibious.
You can wear up to eight rings at the same time.
You can use your tentacles to constrict many enemies at once.
Your skin changes colour to match your surroundings (Stealth).
Your rubbery body absorbs attacks (AC +1).


Message History

Miyamura's ghost is severely damaged.
Miyamura's ghost closely misses you.
You hit Miyamura's ghost but do no damage.
Your squeeze misses Miyamura's ghost.
Miyamura's ghost is severely damaged.
Miyamura's ghost hits you!!
* * * LOW HITPOINT WARNING * * *
You hit Miyamura's ghost but do no damage.
Your squeeze misses Miyamura's ghost.
Miyamura's ghost is severely damaged.
You barely miss Miyamura's ghost.
Miyamura's ghost is severely damaged.
Miyamura's ghost says, "Ah, a second chance to prove myself in battle!"
Miyamura's ghost closely misses you.
You barely miss Miyamura's ghost.
You squeeze Miyamura's ghost, but do no damage.
Miyamura's ghost is severely damaged.
Miyamura's ghost hits you!!
You die...
Your body crumbles into a pile of gold.

#.. .... .....
...... .. .......
............
########............
#.W.................
#..@................
#.......#########...
#.......# #..#
#.......#########..#
#..................#
#..................#
#.............>.....
#...................
#.######...#####....


You could see Miyamura's ghost.

Vanquished Creatures
  Pikel (D:7)
  Maurice (D:8)
  Joseph (D:7)
  A troll (D:8)
  Grinder (D:5)
  Prince Ribbit (D:5)
  A two-headed ogre (D:9)
  2 water moccasins (D:7)
  2 hippogriffs
  Edmund (D:5)
  Menkaure (D:4)
  A slave (D:7)
  2 ice beasts
  2 orc warriors
  A necrophage (D:8)
  5 ogres
  A phantom (D:4)
  A wasp (D:7)
  A giant frog (D:7)
  Sigmund (D:3)
  2 sky beasts
  2 centaurs
  A big kobold (D:8)
  Blork the orc (D:7)
  2 scorpions (D:6)
  4 wights (D:7)
  A quasit (D:8)
  6 crimson imps
  A giant frog skeleton (D:9)
  2 orc wizards
  A centaur skeleton (D:6)
  11 worker ants
  4 hounds
  6 orc priests
  2 iguanas (D:6)
  A killer bee zombie (D:7)
  Ijyb (D:5)
  2 hound skeletons (D:6)
  A worker ant zombie (D:5)
  7 gnolls (D:2)
  A shadow imp (D:7)
  8 adders
  4 worms
  An adder zombie (D:6)
  5 giant geckos
  2 oozes
  22 orcs
  8 bats
  A bat skeleton (D:8)
  7 giant cockroaches
  14 goblins
  14 hobgoblins
  2 quokkas
  A giant gecko zombie (D:9)
  10 giant newts
  17 kobolds
  A quokka zombie (D:7)
  7 rats
211 creatures vanquished.

Vanquished Creatures (others)
  3 slaves (D:7)
  A wight (D:7)
4 creatures vanquished.

Grand Total: 215 creatures vanquished

Notes
Turn   | Place    | Note
--------------------------------------------------------------
     0 | D:1      | hannobal, the Octopode Wanderer, began the quest for the Orb.
     0 | D:1      | hannobal set off with: a +2 spear, a scroll of teleportation, a potion of lignification, a bread ration
     0 | D:1      | Reached XP level 1. HP: 14/14 MP: 3/3
   392 | D:1      | Reached skill level 1 in Polearms
   498 | D:1      | Reached XP level 2. HP: 19/19 MP: 4/4
  1297 | D:2      | Reached XP level 3. HP: 24/24 MP: 6/6
  1953 | D:2      | Reached XP level 4. HP: 29/29 MP: 7/7
  1964 | D:2      | Reached skill level 1 in Stealth
  2272 | D:2      | Reached skill level 1 in Maces & Flails
  2272 | D:2      | Reached XP level 5. HP: 22/34 MP: 9/9
  2832 | D:2      | HP: 1/34 [gnoll/whip (3)]
  3143 | D:3      | Noticed Sigmund
  3151 | D:3      | Killed Sigmund
  3151 | D:3      | Reached XP level 6. HP: 19/39 MP: 10/10
  3463 | D:3      | Found an ancient bone altar of Kikubaaqudgha.
  3515 | D:3      | Reached skill level 4 in Maces & Flails
  3836 | D:3      | Found a shimmering altar of Xom.
  4048 | D:3      | Found a stormy altar of Qazlal.
  4255 | D:4      | Found an opulent altar of Gozag.
  4266 | D:4      | Became a worshipper of Gozag Ym Sagoz the Greedy
  4397 | D:4      | Noticed Menkaure
  4402 | D:4      | Killed Menkaure
  4402 | D:4      | Reached skill level 5 in Maces & Flails
  4402 | D:4      | Reached XP level 7. HP: 27/45 MP: 12/12
  4754 | D:4      | Reached skill level 6 in Maces & Flails
  5326 | D:5      | Entered Level 5 of the Dungeon
  5326 | D:5      | Found Khaik's General Store.
  5330 | D:5      | Bought a potion of poison for 13 gold pieces
  5330 | D:5      | Bought a scroll of identify for 26 gold pieces
  5330 | D:5      | Bought a meat ration for 65 gold pieces
  5330 | D:5      | Bought a royal jelly for 26 gold pieces
  5385 | D:5      | Reached skill level 7 in Maces & Flails
  5397 | D:5      | Found a deep blue altar of Sif Muna.
  5461 | D:5      | Noticed Grinder
  5469 | D:5      | Killed Grinder
  5469 | D:5      | Reached XP level 8. HP: 24/50 MP: 13/13
  5742 | D:5      | Reached skill level 8 in Maces & Flails
  5844 | D:5      | Found a staircase to the Ecumenical Temple.
  5854 | Temple   | Entered the Ecumenical Temple
  6053 | D:5      | Noticed Prince Ribbit
  6215 | D:5      | Found a shattered altar of Ashenzari.
  6235 | D:5      | Noticed Ijyb
  6246 | D:5      | Killed Ijyb
  6439 | D:5      | Noticed Edmund
  6480 | D:5      | Killed Edmund
  6654 | D:5      | Reached skill level 5 in Stealth
  6852 | D:5      | Killed Prince Ribbit
  6985 | D:5      | Found a sacrificial altar of Ru.
  6986 | D:5      | Found a radiant altar of Vehumet.
  7044 | D:5      | Found an iron altar of Okawaru.
  7061 | D:5      | Found Shrishre's Weapon Boutique.
  7276 | D:5      | Reached skill level 9 in Maces & Flails
  7582 | D:6      | Reached XP level 9. HP: 54/54 MP: 14/14
  7791 | D:6      | Reached skill level 5 in Dodging
  8074 | D:6      | Found a bloodstained altar of Trog.
  8816 | D:7      | Found a glowing silver altar of Zin.
  8908 | D:7      | Noticed Pikel
  8929 | D:7      | Killed Pikel
  9101 | D:7      | Noticed Blork the orc
  9113 | D:7      | Killed Blork the orc
  9123 | D:7      | Noticed Joseph
  9138 | D:7      | Killed Joseph
  9138 | D:7      | Reached XP level 10. HP: 33/65 MP: 20/20
  9314 | D:7      | Reached skill level 5 in Fighting
 10299 | D:5      | Bought 5 tomahawks for 32 gold pieces
 10338 | D:5      | Bought an uncursed ring of positive energy for 260 gold pieces
 10792 | D:8      | Reached skill level 10 in Maces & Flails
 10882 | D:8      | Noticed Erolcha
 10954 | D:8      | Noticed Psyche
 11219 | D:8      | Noticed Maurice
 11227 | D:8      | Killed Maurice
 11922 | D:9      | Reached skill level 11 in Maces & Flails
 11927 | D:9      | Noticed Miyamura's ghost (experienced TrMo)
 12715 | D:9      | Found a staircase to the Orcish Mines.
 13102 | D:9      | Mangled by Miyamura's ghost

Action                   |  1- 3 |  4- 6 |  7- 9 | 10-12 || total
-------------------------+-------+-------+-------+-------++-------
Melee: Spear             |    93 |     9 |       |       ||   102
       Flail             |       |    92 |    70 |       ||   162
       Dire flail        |       |       |   149 |   182 ||   331
 Fire: Blowgun           |       |       |    41 |    24 ||    65
Throw: Stone             |     2 |     4 |    11 |    14 ||    31
Invok: Potion Petition   |       |       |     2 |       ||     2
  Use: Scroll            |     3 |     5 |     5 |     6 ||    19
       Potion            |     2 |     1 |     1 |       ||     4
 Stab: Sleeping          |     4 |     5 |    13 |     5 ||    27
       Distracted        |     1 |     1 |     1 |     2 ||     5
  Eat: Chunk             |     3 |     8 |       |       ||    11
       Fruit             |       |       |     3 |       ||     3
       Beef jerky        |       |       |     4 |     2 ||     6
       Royal jelly       |       |       |     1 |       ||     1
       Bread ration      |       |       |     1 |     2 ||     3
